 Dungeon Crawl Stone Soup version 0.31-a0-977-gc230f8ef24 (webtiles) character file.

Game seed: 13211127343383992898

232 Fodor the Chopper (level 5, 0/69 HPs)
             Began as a Minotaur Fighter on Oct 30, 2023.
             Was an Initiate of Gozag.
             Slain by a worm (5 damage)
             ... on level 4 of the Dungeon.
             The game lasted 00:12:06 (2742 turns).

Fodor the Chopper (Minotaur Fighter)                Turns: 2742, Time: 00:12:06

Health: 0/69       AC: 14    Str: 22    XL:     5   Next: 73%
Magic:  4/4        EV:  2    Int: 11    God:    Gozag
Gold:   155        SH:  4    Dex: 10    Spells: 4/4 levels left

rFire   . . .        a - +0 war axe
rCold   . . .        c - +0 buckler
rNeg    . . .        b - melded +0 scale mail
rPois   +            (helmet currently unavailable)
rElec   .            (cloak currently unavailable)
rCorr   .            (gloves currently unavailable)
SInv    .            e - melded +0 pair of boots
Will    .....        (no amulet)
Stlth   +            m - +6 ring of intelligence
HPRegen 0.31/turn    (no ring)
MPRegen 0.09/turn

%: no passive effects
@: lethally poisoned (0 -> -2), tree-form, corroded, gold aura
A: stationary, stasis, torment immunity, boosted hp, (horns 2), (retaliatory
headbutt)
a: Renounce Religion, Potion Petition, Call Merchant, Bribe Branch


You were on level 4 of the Dungeon.
You worshipped Gozag.
Gozag was aware of your devotion.
You were a tree.
You visited 1 branch of the dungeon, and saw 4 of its levels.

You collected 197 gold pieces.
You paid 42 gold pieces to Gozag.

Inventory:

Hand Weapons
 a - a +0 war axe (weapon)
Missiles
 k - a throwing net
Armour
 b - a +0 scale mail (melded)
 c - a +0 buckler (worn)
 e - a +0 pair of boots (melded)
Jewellery
 h - a ring of flight
 i - an amulet of guardian spirit
 m - a +6 ring of intelligence (left branch)
 n - a ring of fire
 q - an amulet of faith
Wands
 r - a wand of polymorph (4)
Scrolls
 f - 2 scrolls of identify {unknown}
 g - a scroll of immolation {unknown}
 j - a scroll of noise {unknown}
 o - a scroll of fog {unknown}
 p - a scroll of amnesia {unknown}
 s - a scroll of revelation {unknown}
 u - a scroll of blinking {unknown}
Potions
 d - a potion of might
 l - a potion of lignification
 t - a potion of degeneration {unknown}


   Skills:
 + Level 4.2 Fighting
 + Level 5.0 Axes
 + Level 4.8 Armour
 + Level 1.2 Dodging
 + Level 4.8 Shields


You had 4 spell levels left.
You didn't know any spells.
Your spell library contained the following spells:

 Spells                   Type           Power      Damage    Failure   Level
 Gell's Gravitas          Tloc           0%         N/A       77%         3
 Teleport Other           Tloc           0%         N/A       77%         3
 Dispersal                Tloc           0%         N/A       100%        6


Dungeon Overview and Level Annotations

Branches:
Dungeon (4/15)
 Temple: D:4-7

Altars:
Gozag
Makhleb
Uskayaw
Vehumet
Wu Jian


Innate Abilities, Weirdness & Mutations

You are a tree.
Your roots penetrate the ground, keeping you stationary.
You cannot be teleported.
You are immune to unholy pain and torment.
Your maximum health is greatly increased.
Your equipment is partially melded.
((You have a pair of horns on your head.))
((You reflexively headbutt those who attack you in melee.))


Message History

You hit the scorpion. The scorpion barely misses you.
A worm comes into view.
The scorpion stings you.
You see here 7 gold pieces.
You block the scorpion's attack. The scorpion stings you.
You slash the scorpion!
The scorpion is almost dead.
The scorpion is distracted by your dazzling golden aura.
You hit the scorpion but do no damage.
The scorpion is no longer distracted by gold.
Your headbutt misses the scorpion.
The scorpion is almost dead.
The scorpion stings you! The scorpion stings you.
You are poisoned.
The scorpion poisons you!
You hit the scorpion but do no damage.
The scorpion is almost dead.
* * * LOW HITPOINT WARNING * * *
You feel very sick. The scorpion stings you.
* * * LOW HITPOINT WARNING * * *
You closely miss the scorpion. Your headbutt misses the scorpion.
The scorpion is almost dead.
* * * LOW HITPOINT WARNING * * *
You feel sick.
The scorpion is distracted by your dazzling golden aura.
You barely miss the scorpion.
The scorpion is no longer distracted by gold.
You headbutt the scorpion.
You kill the scorpion!
You hit the worm.
* * * LOW HITPOINT WARNING * * *
You feel sick.
Your Axes skill increases to level 5!
It was a potion of lignification.
You turn into a tree.
Your +0 pair of boots melds into your body.
Your +0 scale mail melds into your body.
Your roots penetrate the ground.
You feel sick. The worm bites you.
You die...
Your body crumbles into a pile of gold.

..# # #.# #.#.#
#.#.#####.#.####
.####.#............#
.......<##.#.......####
#####.#.##.#...........
# #.##............#
####.#.####..$....#
#............$♣w..#
#.##.#.####.......#
#.......[..........
.....#####.#.#######
........ ..#.# ....#.##
####.# ...##. #.# ...
.. #.#


You could see a worm.

Vanquished Creatures
  A scorpion (D:4)
  A jelly (D:4)
  2 iguanas (D:3)
  2 adders
  2 worms
  3 dart slugs
  2 orcs (D:3)
  4 ball pythons
  9 bats
  An endoplasm (D:3)
  4 giant cockroaches
  4 goblins
  6 hobgoblins
  7 jackals
  4 kobolds
  A quokka (D:3)
  2 frilled lizards (D:1)
  7 rats
62 creatures vanquished.

Notes
Turn   | Place    | Note
-------+----------+-------------------------------------------
     0 | D:1      | Fodor the Minotaur Fighter began the quest for the Orb.
     0 | D:1      | Reached XP level 1. HP: 19/19 MP: 0/0
   147 | D:1      | Reached XP level 2. HP: 27/27 MP: 1/1
   621 | D:2      | Reached XP level 3. HP: 33/33 MP: 2/2
   622 | D:2      | Found a hide-covered altar of Uskayaw.
   685 | D:2      | Reached skill level 3 in Axes
   985 | D:2      | Found a faded altar of an unknown god.
  1048 | D:2      | Reached skill level 1 in Dodging
  1466 | D:3      | Reached skill level 4 in Axes
  1466 | D:3      | Reached XP level 4. HP: 26/40 MP: 3/3
  1542 | D:3      | Found an ornate altar of the Wu Jian Council.
  1816 | D:3      | Found an opulent altar of Gozag.
  1824 | D:3      | Became a worshipper of Gozag Ym Sagoz the Greedy
  1890 | D:3      | Found a burning altar of Makhleb.
  2523 | D:3      | Reached XP level 5. HP: 11/46 MP: 4/4
  2663 | D:3      | Found a radiant altar of Vehumet.
  2742 | D:4      | Reached skill level 5 in Axes
  2742 | D:4      | Slain by a worm

Illustrated notes

Levels and vault maps discovered:
D:1:      matt_arrival_grand_opening, layout_rooms
D:2:      layout_loops_ring, basic_altar, basic_ecumenical_altar
D:3:      wander_river, layout_rooms, nicolae_vehumet_radiance,
          mainiacjoe_overflow_alcove_1, mainiacjoe_overflow_24_doors,
          mainiacjoe_overflow_paths, minmay_strange_pillars,
          serial_bayou_pond_a, nrook_mini_vaults, minmay_fountain_box,
          st_stairs_12
D:4:      layout_loops_ring, kennysheep_another_room, kennysheep_windowed_goal

Skill      XL: |  1  2  3  4  5 |
---------------+----------------+-----
Shields        | 4 |  4.8
Armour         | 4 |  4.8
Axes           | 4 5 |  5.0
Dodging        | 1 |  1.2
Fighting       | 4 |  4.2

Action                     |  1- 3 |  4- 6 || total
---------------------------+-------+-------++-------
  Melee: War axe           |   103 |    40 ||   143
         Headbutt          |     8 |     6 ||    14
    Use: Potion            |       |     1 ||     1
 Armour: Scale mail        |    85 |    35 ||   120
         Skin              |       |     1 ||     1
  Dodge: Dodged            |    70 |    23 ||    93
  Block: Buckler           |    22 |    11 ||    33

Table legend: (Time is in decaauts)
 A = Elapsed time spent in this place.
 B = Non-inter-level travel time spent in this place.
 C = Inter-level travel time spent in this place.
 D = Time resting spent in this place.
 E = Time spent auto-exploring this place.
 F = Levels seen in this place.
 G = Mean time per level.
                   A        B        C        D        E       F      G
               +--------+--------+--------+--------+--------+-----+--------+
         Total |   2801 |   2676 |    125 |    572 |      0 |   4 |  700.2 |
       Dungeon |   2801 |   2676 |    125 |    572 |      0 |   4 |  700.2 |
               +--------+--------+--------+--------+--------+-----+--------+

Top non-repeatable levels by time:
     D:3: 1302 daAuts
     D:2: 920 daAuts
     D:1: 559 daAuts
     D:4: 20 daAuts
